Map: Dusk Towers

Players

IIIIIIIIIIII

  • Race: Terran Terran
  • League: Master

MythiC - Winner!

  • Race: Terran Terran
  • League: Grandmaster

VOD

Have the link to the VOD?

Description

Time

  • Played on: Jan. 9, 2016, 8 a.m.
  • Length: 8:28
Show
View Real Time Build Order
Export as new Build Order

IIIIIIIIIIII Terran 

Build Orders: MMM Bio 

Get SALT Encoding   

  12  0:01  SCV  
  13  0:13  SCV  
  14  0:18  Supply Depot  
  14  0:25  SCV  
  15  0:39  SCV  
  15  0:40  Barracks  
  16  0:51  SCV  
  17  1:03  SCV  
  18  1:15  SCV  
  18  1:17  Command Center  
  19  1:27  Marine  
  19  1:30  Orbital Command  
  20  1:37  Supply Depot  
  20  1:45  Marine  
  21  1:51  Refinery  
  21  1:55  Refinery  
  21  1:57  SCV  
  22  2:03  Marine  
  23  2:09  SCV  
  24  2:21  SCV, Marine  
  27  2:30  Orbital Command  
  27  2:35  SCV  
  27  2:41  Marine  
  27  2:42  Factory  
  28  2:51  SCV  
  28  3:02  Command Center  
  28  3:04  SCV  
  29  3:06  SCV  
  29  3:07  Marine  
  31  3:16  SCV  
  31  3:18  SCV  
  31  3:19  Supply Depot  
  33  3:25  Marine  
  32  3:28  SCV  
  32  3:30  Factory Tech Lab, SCV  
  33  3:38  Starport  
  33  3:40  SCV  
  34  3:42  Engineering Bay, SCV  
  34  3:45  Barracks Tech Lab  
  35  3:50  Cyclone  
  35  3:52  SCV  
  35  3:55  SCV  
  40  4:03  Marine  
  40  4:04  SCV, Stimpack  
  40  4:07  SCV  
  43  4:14  Orbital Command  
  43  4:15  Viking  
  43  4:17  SCV  
  46  4:19  SCV  
  46  4:21  Refinery  
  46  4:23  Refinery  
  47  4:27  Marine  
  47  4:29  Siege Tank, SCV  
  52  4:32  SCV  
  53  4:41  SCV  
  53  4:42  SCV  
  55  4:46  Barracks  
  55  4:47  Barracks  
  55  4:48  Terran Infantry Weapons Level 1  
  55  4:50  SCV, Marine  
  57  4:57  Starport Reactor  
  57  4:58  SCV  
  58  5:02  SCV  
  58  5:05  Barracks  
  58  5:06  Barracks  
  59  5:09  Marine  
  59  5:10  Siege Tank, SCV  
  64  5:17  Supply Depot  
  63  5:22  SCV  
  63  5:26  SCV  
  61  5:30  Orbital Command  
  61  5:34  SCV  
  58  5:38  SCV  
  58  5:45  Barracks Reactor  
  58  5:46  SCV  
  59  5:51  SCV  
  59  5:54  Barracks Reactor  
  59  5:55  Barracks Reactor  
  59  5:56  Barracks Reactor  
  59  5:59  SCV  
  60  6:05  SCV x2  
  60  6:11  SCV  
  63  6:14  Siege Tank, Marine  
  63  6:17  Supply Depot, SCV  
  68  6:20  Medivac  
  68  6:24  SCV  
  71  6:26  Medivac  
  71  6:27  Marine  
  71  6:29  Marine  
  71  6:31  SCV  
  71  6:32  SCV  
  77  6:33  Combat Shields  
  75  6:40  Supply Depot, SCV  
  75  6:42  Supply Depot  
  75  6:44  Marine  
  75  6:45  Marine x2  
  78  6:48  Marine x2  
  78  6:49  Marine  
  78  6:52  Marine x2  
  83  6:55  SCV x2  
  85  7:02  SCV  
  85  7:04  Supply Depot  
  85  7:06  Supply Depot  
  85  7:07  SCV  
  87  7:09  Marine x2  
  87  7:10  Marine x2  
  87  7:14  SCV x2  
  93  7:19  Marine x4  
  93  7:20  Siege Tank  
  100  7:26  Medivac  
  100  7:27  Medivac  
  104  7:31  Marine x4  
  104  7:33  Supply Depot  
  108  7:40  Marine x3  
  111  7:45  Marine x2  
  113  7:51  Supply Depot  
  113  7:52  Supply Depot  
  113  7:54  Marine x3  
  115  7:58  Marine x3  
  115  7:59  Marine  
  115  8:03  Marine  
  119  8:08  Marine  
Show
View Real Time Build Order
Export as new Build Order

MythiC Terran - Winner!

Build Orders: MMM Bio 

Get SALT Encoding   

  12  0:00  SCV  
  13  0:13  SCV  
  14  0:21  Supply Depot  
  14  0:25  SCV  
  15  0:43  SCV  
  15  0:44  Barracks  
  15  0:46  Refinery  
  16  0:55  SCV  
  17  1:07  SCV  
  18  1:19  SCV  
  19  1:32  Orbital Command, Reaper  
  20  1:46  Command Center  
  20  1:54  Refinery  
  20  1:57  SCV  
  20  2:00  Supply Depot  
  20  2:05  Reaper  
  21  2:09  SCV  
  22  2:21  SCV  
  23  2:25  Factory  
  23  2:33  SCV  
  24  2:46  SCV  
  24  2:48  Barracks Reactor  
  25  2:58  SCV  
  27  3:08  Orbital Command  
  27  3:11  Factory Tech Lab  
  26  3:13  Starport  
  26  3:14  SCV  
  27  3:26  SCV  
  27  3:36  Marine x2  
  27  3:37  Widow Mine  
  27  3:38  SCV x2  
  32  3:45  Supply Depot  
  32  3:50  SCV x2, Medivac  
  32  3:53  Marine  
  32  3:54  Marine  
  38  4:00  Barracks  
  38  4:01  Refinery, Barracks  
  38  4:02  SCV x2  
  43  4:11  Cyclone, Marine x2  
  43  4:14  SCV  
  46  4:19  Supply Depot  
  46  4:22  Viking  
  48  4:25  SCV  
  48  4:28  SCV  
  48  4:29  Marine x2  
  48  4:31  Supply Depot  
  52  4:38  SCV  
  53  4:40  SCV  
  57  4:49  Barracks Tech Lab  
  57  4:50  SCV  
  55  4:54  SCV  
  55  4:56  Factory Tech Lab  
  55  4:58  Command Center  
  56  5:01  Marine  
  56  5:02  Stimpack, Marine  
  56  5:03  Marine  
  56  5:04  SCV  
  56  5:06  SCV  
  61  5:11  Marine  
  61  5:12  Starport Reactor  
  62  5:16  SCV  
  62  5:18  SCV  
  62  5:19  Siege Tank  
  65  5:28  SCV  
  65  5:30  SCV  
  65  5:32  Marine x3  
  68  5:38  Marine  
  68  5:40  SCV  
  66  5:45  Engineering Bay, Combat Shields  
  66  5:46  Engineering Bay  
  66  5:47  SCV  
  66  5:48  Refinery  
  66  5:49  Barracks x2, Medivac  
  69  5:50  Marine  
  70  6:00  Marine x2  
  70  6:04  Supply Depot  
  70  6:08  Supply Depot  
  70  6:09  Siege Tank, Marine  
  74  6:11  Supply Depot  
  74  6:12  Terran Infantry Weapons Level 1  
  74  6:14  Orbital Command  
  74  6:17  SCV x2  
  76  6:20  Terran Infantry Armor Level 1  
  76  6:22  Marine  
  75  6:28  Marine x3  
  75  6:29  Medivac  
  75  6:32  SCV  
  81  6:33  SCV  
  81  6:34  Medivac  
  81  6:38  Barracks Reactor  
  81  6:39  Barracks Reactor  
  84  6:43  Marine  
  84  6:44  SCV  
  84  6:46  Orbital Command, Marine  
  87  6:52  Marine x2  
  87  6:53  Siege Tank  
  92  6:56  SCV x2  
  92  6:59  Supply Depot  
  92  7:01  Marine  
  95  7:02  Medivac  
  95  7:03  Marine  
  95  7:05  Refinery  
  98  7:09  Marine  
  98  7:10  SCV x2  
  98  7:12  Supply Depot, SCV  
  98  7:14  Marine x2  
  104  7:18  Marine x2  
  104  7:19  Marine x2  
  108  7:23  Marine  
  108  7:24  Medivac  
  108  7:27  Marine  
  108  7:28  SCV  
  108  7:29  Supply Depot  
  113  7:32  Marine x2  
  113  7:35  Marine  
  113  7:36  Marine x2  
  118  7:37  Siege Tank  
  118  7:39  Marine  
  118  7:41  Marine  
  118  7:43  SCV  
  124  7:47  Marine  
  124  7:50  Marine  
  126  7:53  Marine x2  
  126  7:54  Medivac  
  130  8:01  Marine  
  124  8:06  Marine x2  
  124  8:07  Marine  
  124  8:08  Marine x2  
Tags
 
Add a new tag
Caveats
  • Supply blocks, unpowered buildings, or Contaminate may cause inaccurate times.
  • Supply counts are checked every 10 seconds.